 Dungeon Crawl Stone Soup version 0.30-a0-1160-g6e42c06551 (webtiles) character file.

Game seed: 9329650493592412753

32 xian the Shooter (level 3, -3/13 (20) HPs)
             Began as a Tengu Hexslinger on Apr 27, 2023.
             Was a Follower of Wu Jian.
             Slain by Terence
             ... wielding a +4 flail of draining
              (5 damage)
             ... on level 2 of the Dungeon.
             The game lasted 00:03:39 (851 turns).

xian the Shooter (Tengu Hexslinger)                  Turns: 851, Time: 00:03:40

HP:   -3/13 (20)    AC:  9    Str: 10 (12) XL:     3   Next: 27%
MP:   5/5           EV: 10    Int: 12 (13) God:    Wu Jian [*.....]
Gold: 28            SH:  0    Dex: 11 (14) Spells: 3/4 levels left

rFire   + . .        f - +0 club
rCold   . . .        (no shield)
rNeg    . . .        i - +0 ring mail
rPois   .            (helmet restricted)
rElec   .            (no cloak)
rCorr   .            (no gloves)
SInv    .            (boots unavailable)
Will    .....        (no amulet)
Stlth   +            c - +4 ring of protection
HPRegen 0.22/turn    l - ring of protection from fire
MPRegen 0.09/turn

%: no passive effects
@: very heavily drained
A: beak, talons 3
a: Renounce Religion


You were on level 2 of the Dungeon.
You worshipped Wu Jian.
Wu Jian was aware of your devotion.
You visited 1 branch of the dungeon, and saw 2 of its levels.

You collected 28 gold pieces.

Inventory:

Hand Weapons
 a - a +1 sling
 f - a +0 club (weapon)
 j - a +0 shortbow
Missiles
 h - 3 datura-tipped darts
Armour
 i - a +0 ring mail (worn)
Jewellery
 c - a +4 ring of protection (left hand)
 l - a ring of protection from fire (right hand)
Scrolls
 b - a scroll of poison
Potions
 k - 3 potions of curing


   Skills:
 + Level 1.0 Fighting
 + Level 2.9 Ranged Weapons
 * Level 1.1 Armour
 + Level 2.5 Dodging
 + Level 1.0 Spellcasting
 + Level 2.4 Hexes


You had 3 spell levels left.
You knew the following spells:

 Your Spells              Type           Power      Damage    Failure   Level
a - Slow                  Hex            24%        N/A       26%         1

Your spell library contained the following spells:

 Spells                   Type           Power      Damage    Failure   Level
 Inner Flame              Hex/Fire       3%         N/A       80%         3
 Portal Projectile        Hex/Tloc       6%         N/A       80%         3
 Cause Fear               Hex            3%         N/A       95%         4


Dungeon Overview and Level Annotations

Branches:
Dungeon (2/15)

Altars:
Ru
Wu Jian

Shops:
D:1 [

Annotations:
D:2 Terence


Innate Abilities, Weirdness & Mutations

You have a beak for a mouth.
You have claws for feet.


Message History

A jackal comes into view.
You hit Terence but do no damage.
Terence is lightly wounded.
A kobold comes into view. It is wielding a +0 short sword.
Terence closely misses you.
You hit Terence.
Terence is moderately wounded.
Terence barely misses you.
Terence hits you with a +4 flail of draining.
You feel drained.
You barely miss Terence.
Terence is moderately wounded.
The jackal barely misses you.
A jackal comes into view.
The goblin hits you but does no damage.
Terence hits you with a +4 flail of draining.
You feel drained.
The jackal barks!
You hit Terence but do no damage. Your kick misses Terence.
You peck Terence, but do no damage.
Terence is moderately wounded.
The jackal barely misses you. The goblin barely misses you.
The jackal bites you but does no damage.
Terence misses you. The goblin closely misses you.
You hit Terence but do no damage. Your peck misses Terence.
Terence is moderately wounded.
The jackal bites you but does no damage.
Terence hits you with a +4 flail of draining.
You feel drained. The jackal barely misses you. The goblin barely misses you.
Unknown command.
You barely miss Terence.
Terence is moderately wounded.
The jackal barely misses you.
Terence hits you with a +4 flail of draining.
* * * LOW HITPOINT WARNING * * *
You feel drained.
* * * LOW HITPOINT WARNING * * *
The goblin barely misses you. The jackal barely misses you.
Terence hits you with a +4 flail of draining.
You die...

#. #.........# .
#. ##.########
##.# #..# ###...
#.## #.....##.#
..†......#######.
.................
........#########
.......g@#
.......@.h.h....
........#..####.
..........##
........###
#.......#
####..### ...


You could see Terence, 2 jackals and a goblin.

Vanquished Creatures
  A dart slug (D:1)
  2 ball pythons (D:1)
  An endoplasm (D:1)
  5 goblins (D:1)
  3 hobgoblins
  6 jackals
  A bat (D:1)
  3 frilled lizards (D:1)
  A kobold (D:1)
  4 rats
27 creatures vanquished.

Notes
Turn   | Place    | Note
-------+----------+-------------------------------------------
     0 | D:1      | xian the Tengu Hexslinger began the quest for the Orb.
     0 | D:1      | Reached XP level 1. HP: 12/12 MP: 3/3
   154 | D:1      | Reached XP level 2. HP: 16/16 MP: 4/4
   294 | D:1      | Found a faded altar of an unknown god.
   301 | D:1      | Found Irraorharu's Armour Boutique.
   322 | D:1      | Prayed at the altar of an unknown god.
   322 | D:1      | Became a worshipper of the Wu Jian Council
   322 | D:1      | Reached * piety under Wu Jian
   544 | D:1      | Reached XP level 3. HP: 2/20 MP: 5/5
   785 | D:2      | Reached skill level 1 in Armour
   802 | D:2      | Found a sacrificial altar of Ru.
   832 | D:2      | Noticed Terence
   851 | D:2      | Slain by Terence

Illustrated notes

Levels and vault maps discovered:
D:1:      matt_arrival_diagonals, layout_basic, serial_shops, shop,
          chequers_ecumenical_altar_simple_redux, minmay_tetromino_i4
D:2:      layout_rooms, basic_altar, grunt_ministairs_5, uniq_terence

Skill      XL: |  1  2  3 |
---------------+----------+-----
Armour         | 1 |  1.1
Fighting       | |  1.0
Ranged Weapons | |  2.9
Dodging        | |  2.5
Spellcasting   | |  1.0
Hexes          | |  2.4

Action                     || total
---------------------------++-------
  Melee: Club              ||    31
         Peck              ||     3
         Kick              ||     1
   Fire: Sling             ||    76
   Cast: Slow              ||     4
    Use: Potion            ||     5
         Scroll            ||     1
 Armour: Robe              ||     3
         Ring mail         ||    82
  Dodge: Dodged            ||    81

Table legend: (Time is in decaauts)
 A = Elapsed time spent in this place.
 B = Non-inter-level travel time spent in this place.
 C = Inter-level travel time spent in this place.
 D = Time resting spent in this place.
 E = Time spent auto-exploring this place.
 F = Levels seen in this place.
 G = Mean time per level.
                   A        B        C        D        E       F      G
               +--------+--------+--------+--------+--------+-----+--------+
         Total |    884 |    863 |     21 |      0 |    599 |   2 |  442.0 |
       Dungeon |    884 |    863 |     21 |      0 |    599 |   2 |  442.0 |
               +--------+--------+--------+--------+--------+-----+--------+

Top non-repeatable levels by time:
     D:1: 758 daAuts
     D:2: 126 daAuts
